[Event "January 9 Late 2024"]
[Site "https://www.chess.com"]
[Date "2024.01.10"]
[Round "3"]
[White "Mena, Martin"]
[Black "Serban, Cristian-Stefan"]
[Result "0-1"]
[Board "168"]
[TimeControl "180+1"]
[WhiteFideId "10651225"]
[BlackFideId "1241443"]
[WhiteElo "2090"]
[BlackElo "2550"]
[WhiteTeam "EGY"]
[BlackTeam "ROU"]
[WhiteClock "0:00:00"]
[BlackClock "0:00:18"]

1. c4 g6 2. g3 Bg7 3. Bg2 Nf6 4. Nc3 O-O 5. d3 e5 6. e4 Nc6 7. Nge2 d6 8. h3 Nd7 9. O-O Nc5 10. Be3 Ne6 11. Qd2 f5 12. f4 Ned4 13. Bxd4 exd4 14. Nd5 fxe4 15. dxe4 Be6 16. Rac1 Qd7 17. Kh2 a5 18. b3 Rae8 19. g4 b6 20. f5 Bxd5 21. cxd5 Nb4 22. Nxd4 Bxd4 23. Qxd4 Nxa2 24. Rce1 Re5 25. f6 Nb4 26. Re2 Na6 27. Ref2 Rf7 28. Rf4 Nc5 29. b4 axb4 30. h4 h6 31. Bh3 Qe8 32. g5 hxg5 33. hxg5 Rxg5 34. Re1 Qe5 35. Qxe5 Rxe5 0-1

[Event "January 9 Late 2024"]
[Site "https://www.chess.com"]
[Date "2024.01.09"]
[Round "3"]
[White "Sadovsky, Artem"]
[Black "Keuchel, Destynn"]
[Result "1-0"]
[Board "169"]
[TimeControl "180+1"]
[WhiteFideId "4155840"]
[BlackFideId "30923018"]
[WhiteElo "2549"]
[BlackElo "2087"]
[WhiteTeam "FID"]
[BlackTeam "USA"]
[WhiteClock "0:00:11"]
[BlackClock "0:00:10"]

1. Nf3 Nf6 2. e3 e6 3. b3 b6 4. Bb2 Bb7 5. Be2 Be7 6. O-O O-O 7. c4 c5 8. d4 d5 9. dxc5 bxc5 10. cxd5 exd5 11. Nc3 Nbd7 12. Rc1 Rc8 13. Qd3 Qb6 14. Rfd1 c4 15. Qd4 h6 16. Na4 Qa5 17. Bc3 Bb4 18. Bxb4 Qxb4 19. Qxa7 cxb3 20. axb3 Ra8 21. Qd4 Qxb3 22. Nc3 Rac8 23. Nd2 Qb2 24. Nxd5 Qxd4 25. Ne7+ Kh8 26. exd4 Rxc1 27. Rxc1 Re8 28. Rc7 Ba8 29. Bb5 Rxe7 30. Rc8+ Kh7 31. Rxa8 Re1+ 32. Nf1 Nb6 33. Bd3+ g6 34. Ra6 Nbd5 35. Bc4 Kg7 36. Ra7 Rc1 37. Bb3 h5 38. h3 g5 39. Ra5 Nf4 40. Rxg5+ Kh6 41. Re5 Nd7 42. Re4 Ne6 43. Bxe6 fxe6 44. Rxe6+ Kg5 45. g3 Nf6 46. Re5+ Kg6 47. Kg2 Nd7 48. Rd5 Nf6 49. Rc5 Ne4 50. Rxc1 1-0

[Event "January 9 Late 2024"]
[Site "https://www.chess.com"]
[Date "2024.01.09"]
[Round "3"]
[White "Gulamirian, Korun"]
[Black "Gheorghiu, Calin"]
[Result "0-1"]
[Board "170"]
[TimeControl "180+1"]
[WhiteFideId "4144899"]
[BlackFideId "1200305"]
[WhiteElo "1638"]
[BlackElo "2445"]
[WhiteTeam "RUS"]
[BlackTeam "ROU"]
[WhiteClock "0:00:00"]
[BlackClock "0:02:13"]

1. e4 d6 2. d4 g6 3. f4 Bg7 4. Nf3 Nf6 5. Bd3 c5 6. e5 dxe5 7. fxe5 Ng4 8. Bf4 cxd4 9. Nxd4 O-O 10. Nf3 Nc6 11. Qe2 Qb6 12. h3 Qxb2 13. Nbd2 Qxa1+ 14. Qd1 Qxd1+ 15. Kxd1 Nf2+ 16. Ke2 Nxh1 17. g4 Be6 18. Be4 Rad8 19. Ng5 Bd5 20. c4 Bxe4 21. Ndxe4 Nxe5 22. c5 h6 23. Nf3 Nxf3 24. Kxf3 Rd1 25. Kg2 Rfd8 26. a4 R8d4 0-1

[Event "January 9 Late 2024"]
[Site "https://www.chess.com"]
[Date "2024.01.09"]
[Round "3"]
[White "Dias, Joao Batista"]
[Black "Tari, Aryan"]
[Result "0-1"]
[Board "171"]
[TimeControl "180+1"]
[WhiteFideId "2108240"]
[BlackFideId "1510045"]
[WhiteElo "2058"]
[BlackElo "2900"]
[WhiteTeam "BRA"]
[BlackTeam "NOR"]
[WhiteClock "0:00:48"]
[BlackClock "0:01:13"]

1. e4 a6 2. d4 e6 3. Bd3 d5 4. Ne2 dxe4 5. Bxe4 Nf6 6. Bf3 c5 7. O-O Nc6 8. c3 Be7 9. Be3 Nd5 10. Bxd5 Qxd5 11. dxc5 Qh5 12. Ng3 Qg6 13. Nd2 O-O 14. Nf3 e5 15. Qd5 Be6 16. Qe4 f5 17. Qc2 f4 18. Qxg6 hxg6 19. b4 fxe3 20. fxe3 Bd5 21. e4 Bc4 22. Rfe1 Rad8 23. a4 Rd3 24. Rac1 a5 25. b5 Bxc5+ 26. Kh1 Rfxf3 27. gxf3 Ne7 28. Kg2 Bb3 29. Ne2 Bxa4 30. Rb1 Bc2 31. Rbc1 Bb3 32. Ra1 a4 33. Nc1 Rd2+ 34. Kh3 Be6+ 35. Kg3 Bf2+ 0-1

[Event "January 9 Late 2024"]
[Site "https://www.chess.com"]
[Date "2024.01.09"]
[Round "3"]
[White "Kovalevsky, Stanislav"]
[Black "Timmermans, Mark"]
[Result "0-1"]
[Board "172"]
[TimeControl "180+1"]
[WhiteFideId "13508598"]
[BlackFideId "1026399"]
[WhiteElo "2419"]
[BlackElo "2742"]
[WhiteTeam "FID"]
[BlackTeam "NED"]
[WhiteClock "0:00:19"]
[BlackClock "0:00:33"]

1. e4 e5 2. Nf3 Nc6 3. Bb5 f5 4. Nc3 fxe4 5. Nxe4 d5 6. Nxe5 dxe4 7. Qh5+ g6 8. Nxg6 hxg6 9. Qxh8 Qf6 10. Qxg8 Be6 11. Qh7 O-O-O 12. h4 Bc5 13. d4 Nxd4 14. O-O Rh8 15. Bg5 Rxh7 16. Bxf6 Nxb5 17. Rad1 Nd6 18. g3 a5 19. Bd4 Bxd4 20. Rxd4 b5 21. Rfd1 Bg4 22. R1d2 Bf3 23. Rd5 e3 24. fxe3 Bxd5 25. Rxd5 Rh5 26. Rd3 Kd7 27. Kg2 Ke6 28. Kf3 Rf5+ 29. Kg4 Nc4 30. Rd8 Nxe3+ 31. Kh3 Nxc2 32. Re8+ Kf7 33. Rc8 Rc5 34. g4 Nb4 35. a3 Nd3 36. g5 Nxb2 37. Rh8 Rc3+ 38. Kg4 Rc4+ 39. Kf3 Kg7 40. Rc8 Na4 41. Rb8 Nb6 42. Rb7 b4 43. axb4 axb4 44. Ke3 b3 45. Kd3 b2 0-1

[Event "January 9 Late 2024"]
[Site "https://www.chess.com"]
[Date "2024.01.09"]
[Round "3"]
[White "Hua, Lefong"]
[Black "Rubio Tent, Francisco"]
[Result "1/2-1/2"]
[Board "173"]
[TimeControl "180+1"]
[WhiteFideId "2602253"]
[BlackFideId "2238233"]
[WhiteElo "2656"]
[BlackElo "2414"]
[WhiteTeam "CAN"]
[BlackTeam "ESP"]
[WhiteClock "0:00:23"]
[BlackClock "0:00:07"]

1. d4 d5 2. c4 c6 3. Nf3 Nf6 4. Nc3 a6 5. c5 Nbd7 6. h3 Qc7 7. g3 e5 8. dxe5 Nxe5 9. Nxe5 Qxe5 10. Bf4 Qh5 11. Be3 Be7 12. Bg2 O-O 13. g4 Qh4 14. b4 a5 15. a3 axb4 16. axb4 Be6 17. O-O h5 18. g5 Ne4 19. Rxa8 Rxa8 20. Nxe4 dxe4 21. Qd4 Bxh3 22. Bxh3 Qxh3 23. Qxe4 Re8 24. Rd1 Kf8 25. Qh7 Qg4+ 26. Kf1 Bxg5 27. Qh8+ Ke7 28. Qxg7 Bxe3 29. Qxg4 hxg4 30. fxe3 Ra8 31. Rd4 f5 32. Kf2 Rh8 33. Kg3 Kf6 34. Kf4 Re8 35. Rd6+ Re6 36. Rxe6+ Kxe6 37. e4 fxe4 38. Kxe4 g3 39. Kf3 Kd5 40. Kxg3 Kc4 41. Kf4 Kxb4 42. e4 Kxc5 43. Kf5 Kd6 44. Kf6 Kd7 45. Kf7 Kd6 46. Kf6 Kd7 47. Kf7 Kd6 48. Kf6 1/2-1/2

[Event "January 9 Late 2024"]
[Site "https://www.chess.com"]
[Date "2024.01.09"]
[Round "3"]
[White "Ibadov, Dashgyn"]
[Black "Argandona Riveiro, Inigo"]
[Result "1-0"]
[Board "174"]
[TimeControl "180+1"]
[WhiteFideId "24107514"]
[BlackFideId "2212072"]
[WhiteElo "2638"]
[BlackElo "2406"]
[WhiteTeam "FID"]
[BlackTeam "ESP"]
[WhiteClock "0:00:10"]
[BlackClock "0:01:13"]

1. e4 d6 2. d4 Nf6 3. Nc3 e5 4. Nf3 exd4 5. Nxd4 Be7 6. g3 O-O 7. Bg2 Re8 8. O-O Bf8 9. h3 Nbd7 10. g4 Nc5 11. Re1 c6 12. Bf4 a5 13. Qd2 Qb6 14. e5 dxe5 15. Bxe5 Nfd7 16. Bxg7 Rxe1+ 17. Rxe1 Bxg7 18. Re8+ Nf8 19. Nf5 Bxf5 20. Rxa8 Bg6 21. h4 Qxb2 22. h5 Qxc3 23. Rxf8+ Bxf8 24. Qxc3 Be4 25. Bxe4 Nxe4 26. Qxa5 h6 27. Kg2 Nc5 28. Qc7 Kg7 29. f4 Ne6 30. Qxb7 Nxf4+ 31. Kf3 Ne6 32. a4 Nd4+ 33. Ke4 Ne6 34. Qb2+ Kg8 35. a5 Bg7 36. Qb8+ Kh7 37. a6 Nc5+ 38. Kf5 Nxa6 39. Qb6 c5 40. Qxa6 Bd4 41. Qb7 Kg8 42. Qc8+ Kg7 43. Qa6 Kh7 44. Qc4 Kg7 45. c3 Be3 46. Qe4 Bg5 47. Qe5+ Kg8 48. Qxc5 Kg7 49. Qd5 Kg8 50. c4 Kf8 51. c5 Ke8 52. c6 Bd8 53. Qd7+ Kf8 54. Qxd8+ Kg7 55. Qf6+ Kg8 56. c7 Kh7 57. Qxf7+ 1-0

[Event "January 9 Late 2024"]
[Site "https://www.chess.com"]
[Date "2024.01.09"]
[Round "3"]
[White "Stachanczyk, Jacek"]
[Black "Zavgorodniy, Sergiy"]
[Result "0-1"]
[Board "175"]
[TimeControl "180+1"]
[WhiteFideId "1116657"]
[BlackFideId "14110148"]
[WhiteElo "2402"]
[BlackElo "2617"]
[WhiteTeam "POL"]
[BlackTeam "UKR"]
[WhiteClock "0:00:00"]
[BlackClock "0:00:15"]

1. e4 c5 2. Nf3 Nc6 3. d4 cxd4 4. Nxd4 e5 5. Nxc6 bxc6 6. Bc4 Nf6 7. O-O Bc5 8. Qe2 d6 9. Nc3 a5 10. Be3 Bb6 11. Rad1 Bc7 12. Bg5 Qe7 13. f4 h6 14. Bh4 exf4 15. Rxf4 g5 16. Rxf6 Qxf6 17. Bg3 O-O 18. Rf1 Qg7 19. Qh5 Be6 20. Bd3 a4 21. h4 a3 22. hxg5 hxg5 23. e5 dxe5 24. Ne4 f5 25. Nxg5 Bxa2 26. b3 Bxb3 27. cxb3 Rf6 28. Bc4+ Kf8 29. Nh7+ Ke7 30. Nxf6 a2 31. Bh4 Bb6+ 32. Kh2 Kd6 33. Ne8+ Rxe8 34. Qxe8 Bd4 35. Qd8+ Kc5 36. Qa5+ Kd6 37. Qxa2 Qg4 38. Qa3+ Bc5 39. Be7+ Kc7 40. Qxc5 Qh4+ 41. Kg1 Qg4 0-1

[Event "January 9 Late 2024"]
[Site "https://www.chess.com"]
[Date "2024.01.09"]
[Round "3"]
[White "Grycel, Kamil"]
[Black "Buchenau, Frank"]
[Result "0-1"]
[Board "176"]
[TimeControl "180+1"]
[WhiteFideId "1115499"]
[BlackFideId "4604350"]
[WhiteElo "2545"]
[BlackElo "2401"]
[WhiteTeam "POL"]
[BlackTeam "GER"]
[WhiteClock "0:00:02"]
[BlackClock "0:00:13"]

1. d4 e6 2. Nf3 Nf6 3. Bf4 d5 4. e3 c5 5. c3 Nc6 6. Nbd2 Bd6 7. Bg3 O-O 8. Bd3 b6 9. Ne5 Ne7 10. f4 Nf5 11. Bf2 Be7 12. Qb1 Nd6 13. Nc6 Qd7 14. Nxe7+ Qxe7 15. Bh4 Nf5 16. Bf2 Nd6 17. O-O Nfe4 18. Nxe4 Nxe4 19. Bxe4 dxe4 20. Qxe4 Bb7 21. Qe5 f6 22. Qh5 Be4 23. Rac1 c4 24. Bh4 Rab8 25. Qb5 Rfd8 26. b3 Rbc8 27. Rfd1 Rd5 28. Qa6 Rc7 29. b4 h6 30. Qa3 a5 31. Qb2 axb4 32. cxb4 b5 33. Rc3 Ra7 34. a3 Rd6 35. Ra1 Rda6 36. Qd2 Qb7 37. Qf2 Qa8 38. Qb2 Kh8 39. Be1 Kg8 40. Bh4 Kh8 41. h3 Kg8 42. Kh2 Kh8 43. Be1 Kg8 44. Qc1 Kh8 45. Qb2 Kg8 46. Ra2 Kh8 47. Bh4 Kg8 48. Qa1 Kh8 49. Qc1 Ra4 50. Qb2 Kg8 51. Be1 Kh8 52. h4 h5 53. Qe2 g6 54. Qb2 Kg7 55. Bg3 Kh7 56. Qc1 Bf5 57. Qb2 R7a6 58. Qc1 Rxb4 59. axb4 Rxa2 60. Rc2 Rxc2 0-1

[Event "January 9 Late 2024"]
[Site "https://www.chess.com"]
[Date "2024.01.09"]
[Round "3"]
[White "Gurevich, Dmitry"]
[Black "Mohammed, Zozek Salah Mohammed"]
[Result "1-0"]
[Board "177"]
[TimeControl "180+1"]
[WhiteFideId "2000407"]
[BlackFideId "4803361"]
[WhiteElo "2527"]
[BlackElo "2399"]
[WhiteTeam "USA"]
[BlackTeam "IRQ"]
[WhiteClock "0:00:48"]
[BlackClock "0:00:14"]

1. d4 d5 2. c4 c6 3. e3 Nf6 4. Nc3 e6 5. Nf3 Nbd7 6. Qc2 b6 7. b3 Bb7 8. Be2 Rc8 9. O-O c5 10. cxd5 cxd4 11. dxe6 dxc3 12. exd7+ Qxd7 13. Ne5 Qd5 14. Bf3 Qxe5 15. Bxb7 Rc7 16. Bf3 Bd6 17. g3 O-O 18. e4 Qe7 19. Be3 Rfc8 20. Rad1 Nd7 21. Bg4 Rd8 22. Bxd7 Rdxd7 23. Rd5 Bb4 24. Rfd1 Rxd5 25. Rxd5 Rd7 26. a3 Rxd5 27. exd5 Bxa3 28. Qxc3 Bc5 29. Qd3 Bxe3 30. fxe3 Qd6 31. e4 f6 32. Kg2 a5 33. Qb5 Kf7 34. Kf3 Ke7 35. h4 Qb4 36. Qxb4+ axb4 37. Ke3 Kd6 38. Kd4 h5 39. Kc4 f5 40. exf5 Ke5 41. Kxb4 Kxf5 42. Kb5 Ke5 43. Kc6 1-0

[Event "January 9 Late 2024"]
[Site "https://www.chess.com"]
[Date "2024.01.09"]
[Round "3"]
[White "Krzywda, Andrzej"]
[Black "Murtazin, Bulat"]
[Result "1-0"]
[Board "178"]
[TimeControl "180+1"]
[WhiteFideId "1114565"]
[BlackFideId "24151351"]
[WhiteElo "2397"]
[BlackElo "2517"]
[WhiteTeam "POL"]
[BlackTeam "RUS"]
[WhiteClock "0:00:28"]
[BlackClock "0:00:12"]

1. e4 e6 2. d4 d5 3. Nc3 Nf6 4. e5 Nfd7 5. f4 c5 6. Nf3 Nc6 7. Be3 cxd4 8. Nxd4 Bc5 9. Qd2 a6 10. O-O-O O-O 11. Kb1 Nxd4 12. Bxd4 b5 13. f5 b4 14. Na4 Bxd4 15. Qxd4 Qc7 16. Re1 Bb7 17. f6 g6 18. Qf4 Kh8 19. Qh6 Rg8 20. Re3 Nf8 21. Bd3 Bc6 22. Nc5 Qa7 23. Nb3 a5 24. h4 a4 25. Nc1 b3 26. h5 g5 27. Rg3 g4 28. Rh4 Qd4 29. c3 bxa2+ 30. Kxa2 Qxe5 31. Rhxg4 Ng6 32. hxg6 fxg6 33. Qxh7+ Kxh7 34. Rh4+ Qh5 35. Rxh5# 1-0

[Event "January 9 Late 2024"]
[Site "https://www.chess.com"]
[Date "2024.01.09"]
[Round "3"]
[White "Rios Escobar, Adan"]
[Black "Stojanovski, Sandi"]
[Result "0-1"]
[Board "179"]
[TimeControl "180+1"]
[WhiteFideId "3403645"]
[BlackFideId "1403249"]
[WhiteElo "2359"]
[BlackElo "2509"]
[WhiteTeam "CHI"]
[BlackTeam "DEN"]
[WhiteClock "0:02:06"]
[BlackClock "0:01:19"]

1. d4 Nf6 2. g3 e6 3. c4 d5 4. Nf3 c5 5. cxd5 exd5 6. Bg2 Nc6 7. O-O Be7 8. dxc5 Bxc5 9. a3 O-O 10. b4 Be7 11. Bb2 a6 12. Nc3 Be6 13. Rc1 Ne4 14. Na4 Bf6 15. Nd4 Rc8 16. Nxe6 fxe6 0-1

[Event "January 9 Late 2024"]
[Site "https://www.chess.com"]
[Date "2024.01.09"]
[Round "3"]
[White "Bonin, Jay"]
[Black "Gavrilov, Maxim"]
[Result "0-1"]
[Board "180"]
[TimeControl "180+1"]
[WhiteFideId "2000644"]
[BlackFideId "24271454"]
[WhiteElo "2317"]
[BlackElo "2461"]
[WhiteTeam "USA"]
[BlackTeam "RUS"]
[WhiteClock "0:00:17"]
[BlackClock "0:01:21"]

1. d4 Nf6 2. Nf3 d5 3. c4 e6 4. Nc3 Bb4 5. Qa4+ Nc6 6. Bg5 h6 7. Bxf6 Qxf6 8. e3 O-O 9. Rc1 Bd7 10. Qb3 dxc4 11. Bxc4 Bd6 12. Be2 e5 13. d5 Ne7 14. O-O a6 15. Ne4 Qg6 16. Nxd6 Qxd6 17. Qxb7 Rfc8 18. Qb3 Rab8 19. Qc3 e4 20. Nd2 Qxd5 21. Bxa6 Bb5 22. Bxc8 Bxf1 23. Bh3 Bd3 24. Qxc7 Rxb2 25. Qxe7 Rxd2 26. g3 Be2 27. Bc8 Rd1+ 0-1

[Event "January 9 Late 2024"]
[Site "https://www.chess.com"]
[Date "2024.01.09"]
[Round "3"]
[White "Nilsen, Tobias Lang"]
[Black "Nita, Lucian"]
[Result "1-0"]
[Board "181"]
[TimeControl "180+1"]
[WhiteFideId "1521624"]
[BlackFideId "1206923"]
[WhiteElo "2455"]
[BlackElo "2311"]
[WhiteTeam "NOR"]
[BlackTeam "ROU"]
[WhiteClock "0:01:59"]
[BlackClock "0:01:11"]

1. e4 d6 2. d4 Nf6 3. Nc3 e5 4. Nf3 Nbd7 5. Bc4 Be7 6. dxe5 Nxe5 7. Nxe5 dxe5 8. Qxd8+ Bxd8 9. a4 O-O 10. f3 c6 11. a5 Re8 12. Be3 Be7 13. Ke2 Bb4 14. Nb1 Nd7 15. c3 Bc5 16. Nd2 Bxe3 17. Kxe3 Nc5 18. b4 Ne6 19. Nb3 Nc7 20. Rhd1 Be6 21. Bxe6 Nxe6 22. Rd7 Rab8 23. a6 b6 24. Rxa7 Kf8 25. Rd1 Ra8 26. Rdd7 Rxa7 27. Rxa7 Re7 28. Rb7 Nc7 29. Rxb6 Ke8 30. Nc5 Nxa6 31. Rxa6 1-0

[Event "January 9 Late 2024"]
[Site "https://www.chess.com"]
[Date "2024.01.09"]
[Round "3"]
[White "Skaric, Djuro"]
[Black "Musalov, Ruslan"]
[Result "0-1"]
[Board "182"]
[TimeControl "180+1"]
[WhiteFideId "934569"]
[BlackFideId "4141490"]
[WhiteElo "2306"]
[BlackElo "2454"]
[WhiteTeam "SRB"]
[BlackTeam "RUS"]
[WhiteClock "0:00:00"]
[BlackClock "0:00:04"]

1. g3 g6 2. Bg2 Bg7 3. d3 Nf6 4. Nc3 O-O 5. e4 c5 6. h3 d6 7. Nge2 Nc6 8. O-O Rb8 9. f4 Nd7 10. g4 b5 11. Ng3 b4 12. Nce2 Nd4 13. g5 a5 14. Nxd4 Bxd4+ 15. Kh1 a4 16. Rb1 Ba6 17. Qe2 b3 18. axb3 axb3 19. c3 Bg7 20. Be3 Qb6 21. Qd2 Qb5 22. Rfd1 Bb7 23. c4 Qb6 24. h4 Ra8 25. Qf2 Ra2 26. Rd2 Rfa8 27. Kh2 Ra1 28. Rxa1 Rxa1 29. h5 Ra2 30. h6 Bh8 31. e5 Bxg2 32. Qxg2 dxe5 33. f5 Nf8 34. Qd5 e6 35. fxe6 Nxe6 36. Ne4 Nd4 37. Rf2 Nf5 38. Bxc5 Qb8 39. Bd6 Qa8 40. Qb5 Ra1 41. Ba3 Qd8 42. Qxb3 Nd4 43. Qb7 Nf5 44. Bd6 Rd1 45. Qd5 Qe8 46. c5 Ne3 47. Nf6+ Bxf6 48. Qf3 Rf1 49. Qxe3 Bxg5 50. Qf3 Rxf2+ 51. Qxf2 Bf4+ 52. Kg2 f5 53. Qc2 Qc6+ 54. Kf2 Qh1 55. Qc4+ Kh8 0-1

[Event "January 9 Late 2024"]
[Site "https://www.chess.com"]
[Date "2024.01.09"]
[Round "3"]
[White "Kazmaier, Daniel"]
[Black "Kappeler, Kaspar"]
[Result "1-0"]
[Board "183"]
[TimeControl "180+1"]
[WhiteFideId "2606089"]
[BlackFideId "1309072"]
[WhiteElo "2452"]
[BlackElo "2260"]
[WhiteTeam "CAN"]
[BlackTeam "SUI"]
[WhiteClock "0:00:16"]
[BlackClock "0:00:10"]

1. d4 Nf6 2. Bg5 d5 3. Bxf6 exf6 4. c4 c6 5. Nc3 Bb4 6. Qb3 Bxc3+ 7. Qxc3 O-O 8. e3 Nd7 9. Nh3 dxc4 10. Bxc4 Nb6 11. Nf4 Nxc4 12. Qxc4 Qa5+ 13. b4 Qf5 14. O-O g5 15. Nh5 Be6 16. Qc5 Bd5 17. f3 Qg6 18. Ng3 f5 19. a4 f4 20. exf4 gxf4 21. Ne4 Rfe8 22. b5 Bxe4 23. fxe4 Rxe4 24. bxc6 bxc6 25. Rf2 Rae8 26. Raf1 Re2 27. Qxa7 f3 28. Qd7 fxg2 29. Qxe8+ Rxe8 30. Rxg2 Ra8 31. Rxg6+ hxg6 32. Ra1 Ra5 33. Kf2 Kf8 34. Ke3 Ke7 35. h4 Ke6 36. Kf4 Kd5 37. Kg5 Kxd4+ 38. Kf6 Rf5+ 39. Ke7 c5 40. a5 c4 41. a6 Rh5 42. a7 Rh8 43. a8=Q Rxa8 44. Rxa8 c3 45. Kxf7 c2 46. Rc8 Kd3 47. Kxg6 Kd2 48. h5 c1=Q 49. Rxc1 Kxc1 50. h6 Kd2 51. h7 Ke3 52. h8=Q Kf4 53. Qf6+ Kg4 54. Qf5+ Kh4 55. Qg5+ Kh3 56. Kf5 Kh2 57. Kf4 Kh1 58. Kf3 Kh2 59. Qg2# 1-0

[Event "January 9 Late 2024"]
[Site "https://www.chess.com"]
[Date "2024.01.09"]
[Round "3"]
[White "Gomes, Luiz Alexandre de Souza"]
[Black "Carvajal Gorgona, Jonathan"]
[Result "0-1"]
[Board "184"]
[TimeControl "180+1"]
[WhiteFideId "2102790"]
[BlackFideId "6500625"]
[WhiteElo "2446"]
[BlackElo "2240"]
[WhiteTeam "BRA"]
[BlackTeam "CRC"]
[WhiteClock "0:00:54"]
[BlackClock "0:00:17"]

1. e4 c5 2. Nf3 d6 3. d4 cxd4 4. Nxd4 Nf6 5. Nc3 g6 6. f3 Bg7 7. Be3 O-O 8. Qd2 Nc6 9. Nb3 Bd7 10. h4 Ne5 11. Bh6 Rc8 12. Bxg7 Kxg7 13. Be2 h5 14. Nd4 Qa5 15. Kf2 Qb6 16. Rab1 Nc4 17. Bxc4 Rxc4 18. Rhd1 e5 19. Ne2 Rfc8 20. c3 d5 21. exd5 Nxd5 22. Kg3 exd4 23. Nxd4 Qd6+ 24. Kf2 Qf4 25. Qxf4 Nxf4 26. g3 Ne6 27. Ne2 Bc6 28. Rd2 Rc5 29. Rbd1 Re5 30. Nc1 Rf5 31. f4 Nc5 32. Kg1 Ne4 33. Rd3 Rf6 34. Re3 Rd6 35. Rxd6 Nxd6 36. Nb3 Nc4 37. Re2 Rd8 38. Nd4 Bd5 39. b3 Nd6 40. Re7 Ne4 41. Ne2 Bc6 42. Nd4 Nxc3 43. Ne6+ Kf6 44. Rxf7+ Kxe6 45. Rg7 Rd1+ 46. Kf2 Kf6 47. Rc7 Rh1 48. a4 Rh2+ 49. Ke3 Rg2 50. Kd4 Rxg3 51. b4 Nxa4 52. Kc4 Nb6+ 53. Kc5 Rc3+ 54. Kd6 Rd3+ 55. Kc5 Rd5# 0-1

[Event "January 9 Late 2024"]
[Site "https://www.chess.com"]
[Date "2024.01.09"]
[Round "3"]
[White "Jing, Andrew"]
[Black "Sroczynski, Maciej"]
[Result "1/2-1/2"]
[Board "185"]
[TimeControl "180+1"]
[WhiteFideId "30984076"]
[BlackFideId "1121472"]
[WhiteElo "2153"]
[BlackElo "2444"]
[WhiteTeam "USA"]
[BlackTeam "POL"]
[WhiteClock "0:00:20"]
[BlackClock "0:00:05"]

1. d4 Nf6 2. Bf4 g6 3. Nc3 d5 4. Qd2 Bg7 5. Bh6 Bxh6 6. Qxh6 Nc6 7. Nf3 Bf5 8. e3 Nb4 9. Rc1 Nxc2+ 10. Kd1 Nb4 11. a3 Nd3 12. Bxd3 Bxd3 13. Ne5 Ba6 14. Qg7 Rf8 15. g4 Qd6 16. g5 Nh5 17. Qxh7 Qe6 18. Ne2 O-O-O 19. Ng3 Nf6 20. gxf6 exf6 21. Nxf7 Qxf7 22. Qxf7 Rxf7 23. Kd2 Rh8 24. Rcg1 Rfh7 25. Rg2 Kd7 26. b3 Ke6 27. a4 b6 28. b4 Bc4 29. Ne2 g5 30. Nc3 c6 31. b5 cxb5 32. axb5 a6 33. bxa6 Ra8 34. Ra1 Rha7 35. h4 gxh4 36. Rh2 Rxa6 37. Rxa6 Rxa6 38. Rxh4 b5 39. Rh2 b4 40. Nb1 Ra2+ 41. Kc1 Kf5 42. Nd2 Bd3 43. Nb3 Bc4 44. Nc5 Kg4 45. e4 Kf3 46. exd5 Bxd5 47. Rh3+ Ke2 48. Kb1 b3 49. Nxb3 Bxb3 50. Rxb3 Rd2 51. Rb6 f5 52. Rf6 Rxd4 53. Rxf5 Rd1+ 54. Kc2 Rf1 55. f4 Ke3 56. Re5+ Kd4 57. Re8 Rxf4 58. Rd8+ Ke4 59. Re8+ Kf3 1/2-1/2

[Event "January 9 Late 2024"]
[Site "https://www.chess.com"]
[Date "2024.01.09"]
[Round "3"]
[White "Panico, Nick"]
[Black "Andrews, Todd"]
[Result "0-1"]
[Board "186"]
[TimeControl "180+1"]
[WhiteFideId "2026724"]
[BlackFideId "2012456"]
[WhiteElo "2041"]
[BlackElo "2439"]
[WhiteTeam "USA"]
[BlackTeam "USA"]
[WhiteClock "0:00:02"]
[BlackClock "0:00:07"]

1. d4 Nf6 2. Bf4 d6 3. e3 Nbd7 4. Nf3 b6 5. h3 Bb7 6. Be2 c5 7. c3 g6 8. a4 a6 9. O-O Bg7 10. Nbd2 O-O 11. Qb3 Qc7 12. Rfd1 Rae8 13. Bh2 Rc8 14. Rac1 cxd4 15. exd4 Qb8 16. Nc4 Bd5 17. Nfd2 b5 18. axb5 axb5 19. Qc2 bxc4 20. h4 Qb7 21. Bf1 Ne4 22. Nf3 Rb8 23. Rb1 Qb3 24. Qe2 Ndf6 25. h5 Nxh5 26. Re1 Ra8 27. Qe3 Ra2 28. Re2 Nxc3 29. Qxc3 Bxf3 30. gxf3 Rb8 31. Qxb3 Rxb3 32. Rxe7 Bxd4 33. Bxc4 Raxb2 34. Rxb2 Rxb2 35. Rxf7 Kh8 36. Bxd6 Bxf2+ 37. Kh1 Bd4 38. Rf8+ Kg7 39. Rg8+ Kh6 40. Rf8 Kg5 41. Bf4+ Nxf4 42. Bd5 Rb1+ 43. Kh2 Rb2+ 44. Kh1 Nh5 45. f4+ Kh4 46. Re8 Ng3# 0-1

[Event "January 9 Late 2024"]
[Site "https://www.chess.com"]
[Date "2024.01.09"]
[Round "3"]
[White "Curtis, John"]
[Black "Carlsen, Magnus"]
[Result "0-1"]
[Board "187"]
[TimeControl "180+1"]
[WhiteFideId "3200256"]
[BlackFideId "1503014"]
[WhiteElo "2112"]
[BlackElo "3359"]
[WhiteTeam "AUS"]
[BlackTeam "NOR"]
[WhiteClock "0:00:00"]
[BlackClock "0:01:35"]

1. d4 d5 2. Nf3 Bf5 3. c4 e6 4. Nc3 Nf6 5. Qb3 Nc6 6. Bg5 Bb4 7. Bxf6 Qxf6 8. cxd5 exd5 9. e3 O-O 10. Qxd5 Rfe8 11. Be2 Be4 12. Qg5 Nxd4 13. Qxf6 Bxc3+ 14. bxc3 Nc2+ 15. Kf1 gxf6 16. Rc1 Rad8 17. Nd4 Na3 18. f3 Bd5 19. c4 c5 20. cxd5 cxd4 21. e4 f5 22. Bd3 fxe4 23. fxe4 f5 24. Re1 fxe4 25. Rxe4 Rxe4 26. Bxe4 Re8 27. Bf3 d3 28. Kf2 Nc4 0-1

[Event "January 9 Late 2024"]
[Site "https://www.chess.com"]
[Date "2024.01.09"]
[Round "3"]
[White "Sultanbek, Zeinep"]
[Black "Lagarde, Maxime"]
[Result "0-1"]
[Board "188"]
[TimeControl "180+1"]
[WhiteFideId "13710419"]
[BlackFideId "662399"]
[WhiteElo "2299"]
[BlackElo "2825"]
[WhiteTeam "KAZ"]
[BlackTeam "FRA"]
[WhiteClock "0:00:00"]
[BlackClock "0:01:04"]

1. d4 d5 2. c4 c6 3. Nf3 Nf6 4. cxd5 cxd5 5. Nc3 e6 6. Bf4 Bd6 7. Bg3 O-O 8. e3 Nc6 9. a3 a6 10. Bd3 b5 11. Qc2 Bb7 12. Bh4 h6 13. g4 Be7 14. g5 Ne4 15. Nxe4 dxe4 16. Bxe4 Rc8 17. Qd2 hxg5 18. Bg3 f5 19. Bc2 Nxd4 20. Nxd4 Bxh1 21. Bb3 f4 22. exf4 gxf4 23. Bxf4 Kh8 24. Qe3 Rxf4 25. Qxf4 Bg5 26. Qe4 Bxe4 0-1

[Event "January 9 Late 2024"]
[Site "https://www.chess.com"]
[Date "2024.01.09"]
[Round "3"]
[White "Diaz, Fernando"]
[Black "Rohan, Ahuja"]
[Result "1-0"]
[Board "189"]
[TimeControl "180+1"]
[WhiteFideId "3701255"]
[BlackFideId "5090598"]
[WhiteElo "2298"]
[BlackElo "2731"]
[WhiteTeam "PAR"]
[BlackTeam "IND"]
[WhiteClock "0:00:11"]
[BlackClock "0:00:09"]

1. e4 d6 2. d4 Nf6 3. Nc3 g6 4. f3 c6 5. Be3 b5 6. a3 Nbd7 7. Nh3 e5 8. Nf2 h5 9. Be2 Qc7 10. Qd2 a6 11. Na2 Bb7 12. b3 c5 13. dxe5 dxe5 14. O-O Be7 15. c4 bxc4 16. Bxc4 Nb6 17. Qa5 Nbd5 18. Qxc7 Nxc7 19. Rac1 O-O 20. Nd3 Nd7 21. Nc3 Bc6 22. Rfd1 Nb5 23. a4 Nd4 24. Nd5 Bxd5 25. Bxd5 Rab8 26. Bxd4 exd4 27. f4 Rfc8 28. f5 gxf5 29. exf5 Nf6 30. Bc4 Bd6 31. Re1 Rc6 32. Rc2 Kf8 33. h3 Nd7 34. Rce2 Nb6 35. Bxa6 Nd5 36. Bb5 Rcc8 37. Ne5 Kg7 38. Nd7 Ra8 39. Rf2 Bg3 40. f6+ Kh8 41. Ref1 Bxf2+ 42. Rxf2 Rd8 43. Rf5 Ne3 44. Rxh5+ Kg8 45. Ne5 d3 46. Rg5+ Kf8 47. Nxd3 Rd5 48. Rxd5 Nxd5 49. Bc6 Rd8 50. Nxc5 Nb4 51. Bb5 Rd1+ 52. Kh2 Rc1 53. Ne4 Rb1 54. Nc5 Rc1 55. Bc4 Nc2 56. Nd3 Ra1 57. Nc5 Ne3 58. Nd7+ Ke8 59. Ne5 Ra2 60. Bxf7+ Kf8 61. Be6 Rxg2+ 62. Kh1 Rf2 63. Ng6+ Ke8 64. f7+ Rxf7 65. Bxf7+ Kxf7 66. Ne5+ Ke6 67. Ng4 Nd5 68. a5 Nb4 69. h4 Kf5 70. Ne3+ Kf4 71. Nc4 Kg4 72. Kg2 Kxh4 73. Kf2 Kg5 74. Ke3 Kf5 75. Kd4 Ke6 76. Kc5 Nd3+ 77. Kb6 Nb4 78. a6 Nd5+ 79. Kb7 Kd7 80. Nb6+ Nxb6 81. Kxb6 1-0